 Dungeon Crawl Stone Soup version 0.25-a0-834-g55863b0b92 (webtiles) character file.

Game seed: 8242663484195042579, levelgen mode: deterministic

100 Esekla the Skirmisher (level 4, -8/33 HPs)
             Began as an Octopode Abyssal Knight on Apr 23, 2020.
             Was a Follower of Lugonu.
             Mangled by an ogre
             ... wielding a +0 giant club
              (21 damage)
             ... on level 2 of the Dungeon.
             The game lasted 00:13:36 (2059 turns).

Esekla the Skirmisher (Octopode Abyssal Knight)     Turns: 2059, Time: 00:13:36

Health: -8/33      AC:  1    Str: 11    XL:     4   Next: 74%
Magic:  5/5        EV: 14    Int: 15    God:    Lugonu [*.....]
Gold:   140        SH:  0    Dex: 11    Spells: 3/3 levels left

rFire    . . .     SeeInvis .   a - +1 falchion
rCold    . . .     Gourm    .   (no shield)
rNeg     . . .     Faith    .   (helmet restricted)
rPois    .         Spirit   .   (no amulet)
rElec    .         Reflect  .   j - ring of stealth
rCorr    .         Harm     .   (no ring)
MR       .....                  (no ring)
Stlth    ++++......             (no ring)
HPRegen  0.11/turn              (no ring)
MPRegen  0.09/turn              (no ring)
                                (no ring)
                                (no ring)

@: no status effects
A: almost no armour, stealthy swim, amphibious, 8 rings, constrict 8, camouflage
1, gelatinous body 1
a: Depart the Abyss, Renounce Religion


You were on level 2 of the Dungeon.
You worshipped Lugonu.
Lugonu was aware of your devotion.
You were hungry.

You visited 1 branch of the dungeon, and saw 2 of its levels.
You visited the Abyss 1 time.

You collected 140 gold pieces.

Inventory:

Hand Weapons
 a - a +1 falchion (weapon)
Missiles
 k - 26 poisoned darts (quivered)
Magical Staves
 i - an uncursed staff of wizardry
Jewellery
 j - a ring of stealth (left tentacle)
 o - a cursed amulet of inaccuracy {unknown}
Scrolls
 c - a scroll of identify
 e - 2 scrolls of noise {unknown}
 g - 3 scrolls of remove curse
 h - 2 scrolls of blinking {unknown}
 n - a scroll of magic mapping {unknown}
Potions
 d - 3 potions of flight
Miscellaneous
 f - a box of beasts
Comestibles
 b - 4 rations


   Skills:
 * Level 4.2 Fighting
 * Level 2.8 Long Blades
 * Level 2.9 Dodging
 + Level 1.4 Stealth
 + Level 2.1 Invocations


You had 3 spell levels left.
You didn't know any spells.
Your spell library was empty.

Dungeon Overview and Level Annotations

Branches:
Dungeon (2/15)

Altars:
Wu Jian


Innate Abilities, Weirdness & Mutations

You cannot wear most types of armour.
You are very stealthy in the water. (Stealth+)
You are amphibious.
You can wear up to eight rings at the same time.
You can use your tentacles to constrict eight enemies at once.
Your skin changes colour to match your surroundings (Stealth+).
Your rubbery body absorbs attacks. (AC +1, EV +1)


Message History

An ogre comes into view. It is wielding a +0 giant club.
The ogre shouts!
You see here a poisoned dart.
You hit the ogre. You squeeze the ogre!
The ogre is heavily wounded.
The ogre hits you with a +0 giant club!
You hit the ogre but do no damage.
The ogre is heavily wounded.
The ogre hits you with a +0 giant club!
* * * LOW HITPOINT WARNING * * *
Okay, then.
You feel better. The ogre closely misses you.
You barely miss the ogre. You squeeze the ogre.
The ogre is severely wounded.
The ogre barely misses you.
You hit the ogre. You squeeze the ogre, but do no damage.
The ogre is severely wounded.
The ogre hits you with a +0 giant club!!
Ouch! That really hurt!
You die...

... .....)...#.######
#.#....>..#.#.#
#...........#.######
#...................
#.............######
#............## #
#####.............# ###
........####.####.####..
......O@##.....##......#
.....#).#.......#..#.###
... #..#.......#..#.###
. #......_......#..##
##.#.......#.###[..
#.#.......#.# ####
#####.##.....##.#
#.....####.####.#
#...............#


You could see an ogre.

Vanquished Creatures
  A worker ant (D:2)
  A gnoll (D:1)
  An adder (D:2)
  A worm (D:2)
  2 dart slugs
  6 leopard geckos
  A ball python (D:1)
  A giant cockroach (D:1)
  5 goblins
  7 hobgoblins
  2 jackals (D:2)
  3 kobolds
  A quokka (D:2)
  5 bats
  2 frilled lizards (D:1)
  6 rats
45 creatures vanquished.

Notes
Turn   | Place    | Note
-------+----------+-------------------------------------------
     0 | Abyss:1  | Esekla the Octopode Abyssal Knight began the quest for the
                  | Orb.
     0 | Abyss:1  | Reached XP level 1. HP: 16/16 MP: 2/2
    29 | Abyss:1  | Found a corrupted altar of Lugonu.
    83 | Abyss:1  | Noticed a worldbinder
    86 | Abyss:1  | Noticed an orc priest
   146 | Abyss:2  | Noticed a rakshasa
   146 | Abyss:2  | Noticed a mana viper
   147 | Abyss:3  | Noticed a wretched star
   215 | Abyss:5  | Entered Level 5 of the Abyss
   221 | Abyss:5  | Noticed a bone dragon
   222 | Abyss:5  | Noticed a tentacled starspawn
   232 | D:1      | Escaped the Abyss
   454 | D:1      | Reached XP level 2. HP: 11/21 MP: 3/3
   728 | D:1      | Reached * piety under Lugonu
   945 | D:1      | Reached XP level 3. HP: 27/27 MP: 4/4
  1306 | D:2      | Reached skill level 4 in Fighting
  1340 | D:2      | Reached skill level 1 in Stealth
  1340 | D:2      | Reached XP level 4. HP: 30/33 MP: 5/5
  2033 | D:2      | Found an ornate altar of the Wu Jian Council.
  2052 | D:2      | Noticed an ogre
  2059 | D:2      | Mangled by an ogre

Levels and vault maps discovered:
D:1:      giann_horns, layout_rooms, minmay_tetromino_s4
D:2:      layout_rooms, old_standard_altar, kiku_gazebo_pond_becter,
          minmay_misc_feat_roman

Skill      XL: |  1  2  3 |
---------------+----------+-----
Fighting       | 4 |  4.2
Stealth        | 1 |  1.4
Long Blades    | |  2.8
Dodging        | |  2.9
Invocations    | |  2.1

Action                   |  1- 3 |  4- 6 || total
-------------------------+-------+-------++-------
Melee: Falchion          |    49 |    34 ||    83
       Constrict         |    14 |    12 ||    26
       Tentacles         |     6 |     8 ||    14
Throw: Dart              |     2 |     6 ||     8
Invok: Depart the Abyss  |     1 |       ||     1
  Use: Scroll            |       |     4 ||     4
       Potion            |       |     2 ||     2
 Stab: Sleeping          |     4 |     4 ||     8
  Eat: Chunk             |     1 |     2 ||     3
Armor: Skin              |     5 |     1 ||     6
Dodge: Dodged            |    34 |    15 ||    49
       Rpst.: Falchion   |     7 |     3 ||    10

Table legend:
 A = Non-vault XP
 B = Vault XP
 C = Vault XP percentage of total XP
 D = Non-vault monster count
 E = Vault monster count
 F = Vault count percentage of total count
                 A         B        C        D         E       F
            +---------+---------+-------+---------+---------+-------
      Total |     140 |       4 |   2.8 |      44 |       1 |   2.2
            +---------+---------+-------+---------+---------+-------
        D:1 |      53 |       4 |   7.0 |      23 |       1 |   4.2
        D:2 |      87 |       0 |   0.0 |      21 |       0 |   0.0
            +---------+---------+-------+---------+---------+-------
